 Dungeon Crawl Stone Soup version 0.25-a0-865-gd392131cc7 (webtiles) character file.

Game seed: 16068996854116236750, levelgen mode: deterministic

11491 Anathary the Carver (level 11, -16/102 HPs)
             Began as a Minotaur Fighter on Apr 30, 2020.
             Was the Champion of Makhleb.
             Shot with an arrow by Nessos (29 damage)
             ... on level 13 of the Dungeon.
             The game lasted 00:56:42 (10612 turns).

Anathary the Carver (Minotaur Fighter)             Turns: 10612, Time: 00:56:42

Health: -16/102    AC:  9    Str: 26    XL:     11   Next: 50%
Magic:  10/10      EV: 18    Int:  5    God:    Makhleb [******]
Gold:   544        SH:  7    Dex: 14    Spells: 10/10 levels left

rFire    . . .     SeeInvis .   a - +1 long sword
rCold    . . .     Gourm    .   H - +1 buckler {AC+3}
rNeg     . . .     Faith    .   D - +0 steam dragon scales
rPois    .         Spirit   .   (helmet restricted)
rElec    .         Reflect  .   F - -1 cloak (curse)
rCorr    .         Harm     .   (no gloves)
MR       .....                  (no boots)
Stlth    +.........             k - amulet of regeneration
HPRegen  0.67/turn              s - +3 ring of strength
MPRegen  0.12/turn              E - +3 ring of strength

@: studying Shields
A: retaliatory headbutt, horns 2
a: Minor Destruction, Lesser Servant of Makhleb, Major Destruction, Greater
Servant of Makhleb, Renounce Religion


You were on level 13 of the Dungeon.
You worshipped Makhleb.
Makhleb was exalted by your worship.
You were not hungry.

You visited 2 branches of the dungeon, and saw 14 of its levels.
You also visited: Ossuary.

You collected 544 gold pieces.

Inventory:

Hand Weapons
 a - a +1 long sword (weapon)
Armour
 b - a +0 scale mail
 c - a +1 kite shield
 D - +0 steam dragon scales (worn)
 F - a cursed -1 cloak (worn)
 H - a +1 buckler of protection (worn)
Jewellery
 k - an amulet of regeneration (around neck)
 s - a +3 ring of strength (left hand)
 E - a +3 ring of strength (right hand)
Wands
 q - a wand of digging (1)
 y - a wand of random effects (20)
Scrolls
 e - a scroll of enchant weapon
 g - 3 scrolls of blinking
 h - 3 scrolls of fog
 i - 3 scrolls of amnesia
 t - 3 scrolls of teleportation
 v - 5 scrolls of remove curse
 w - 5 scrolls of enchant armour
 A - 3 scrolls of magic mapping
 C - 3 scrolls of fear
Potions
 d - a potion of might
 j - 2 potions of curing
 l - 2 potions of haste
 n - 3 potions of magic
 o - 5 potions of stabbing
 p - 3 potions of flight
 r - 3 potions of berserk rage
 u - 5 potions of brilliance
 x - a potion of degeneration {unknown}
 z - 2 potions of resistance {unknown}
Books
 B - a manual of Shields
Comestibles
 f - 21 rations


   Skills:
 - Level 11.1 Fighting
 - Level 14.0 Long Blades
 + Level 6.5 Armour
 + Level 9.2 Dodging
 + Level 8.6 Shields


You had 10 spell levels left.
You didn't know any spells.
Your spell library contained the following spells:

 Spells                   Type           Power        Failure   Level  Hunger
 Shock                    Conj/Air       #...         47%         1    ##.....
 Swiftness                Chrm/Air       #.......     63%         2    ###....
 Static Discharge         Conj/Air       #.......     85%         3    ####...
 Airstrike                Air            #.........   99%         4    #####..
 Lightning Bolt           Conj/Air       #.........   100%        5    ######.


Dungeon Overview and Level Annotations

Branches:
Dungeon (13/15)            Temple (1/1) D:7            Lair (0/6) D:11
    Orc (0/2) D:9         Ossuary (visited)
 Vaults: D:13-14

Altars:
Ashenzari
Cheibriados
Dithmenos
Elyvilon
Fedhas
Gozag
Hepliaklqana
Kikubaaqudgha
Makhleb
Nemelex Xobeh
Okawaru
Qazlal
Ru
Sif Muna
Trog
Uskayaw
Vehumet
Wu Jian
Xom
Yredelemnul
Zin
The Shining One
Beogh

Shops:
D:7 =   D:8 =

Annotations:
D:3 2 transporters, will825x's ghost, amateur BaFi
D:12 3 runed translucent doors, Juimicwu's ghost, journeyman NaVM; Owkoc's ghost, journeyman TrMo; tabo's ghost, journeyman TrMo
D:13 Nessos


Innate Abilities, Weirdness & Mutations

You reflexively headbutt those who attack you in melee.
You have a pair of horns on your head.


Message History

You block the slime creature's attack.
You feel much better.
You feel sick.
Nessos blinks! x2
The slime creature hits you!
* * * LOW HITPOINT WARNING * * *
The slime creature hits you.
* * * LOW HITPOINT WARNING * * *
You block the slime creature's attack.
Nessos shoots an arrow.
You block the arrow.
You feel better.
Nessos shoots an arrow.
The arrow closely misses you.
The arrow barely misses the slime creature.
The slime creature hits you!
* * * LOW HITPOINT WARNING * * *
The slime creature hits you but does no damage.
The slime creature hits you!
* * * LOW HITPOINT WARNING * * *
You feel better.
Nessos shoots an arrow.
The arrow misses you.
The arrow hits the slime creature!!
The arrow burns the slime creature!
The slime creature looks as sick as possible!
Nessos shoots an arrow.
The arrow hits you!!
You die...

................#
+....#.....#
................#
#....#.....#
.......<........#
#....#.....#
..#.....#.....##########
###.....#.....#.........
........#.....#.........
........#.....'(........
........#.....#.JJ...§c.
........#.....#J@.......
########################


You could see Nessos and 3 slime creatures.

Vanquished Creatures
  2 unseen horrors
  A manticore (D:13)
  A cyclops (D:13)
  2 centaur zombies (D:10)
  A troll (D:11)
  2 slime creatures (D:13)
  2 hornets
  4 hippogriffs
  A wyvern (D:9)
  A spriggan (D:11)
  A yak (D:11)
  3 hungry ghosts
  A steam dragon (D:10)
  Menkaure (D:4)
  A soldier ant (D:13)
  A water moccasin (D:8)
  7 orc warriors
  6 sky beasts
  3 ice beasts
  2 necrophages
  4 ogres
  2 phantoms
  3 wolves (D:7)
  2 crocodiles (D:11)
  5 centaurs
  5 big kobolds
  A bullfrog (D:6)
  2 gnoll sergeants (D:7)
  11 scorpions
  5 howler monkeys
  3 crimson imps
  A quasit (D:10)
  2 bullfrog zombies (D:5)
  5 hounds
  9 orc priests
  5 jellies
  10 orc wizards
  2 bullfrog skeletons
  6 iguanas
  Terence (D:3)
  Natasha (thrice) (D:4)
  10 worker ants
  2 big kobold zombies (Ossuary)
  A hound zombie (D:5)
  3 mummies (Ossuary)
  A howler monkey zombie (D:9)
  A worker ant zombie (D:9)
  15 gnolls
  5 scorpion zombies (Ossuary)
  7 adders
  A howler monkey skeleton (D:5)
  A shadow imp (D:5)
  An ooze (D:3)
  An adder skeleton (D:7)
  An adder zombie (D:8)
  3 dart slugs
  6 leopard geckos
  58 orcs
  3 ball pythons (D:1)
  8 bats
  9 giant cockroaches
  4 goblins
  4 hobgoblins
  10 jackals
  5 quokkas
  7 frilled lizards
  4 hobgoblin zombies (Ossuary)
  A jackal skeleton (D:7)
  29 kobolds
  2 kobold zombies (Ossuary)
  A leopard gecko zombie (D:5)
  2 orc zombies (Ossuary)
  7 rats
343 creatures vanquished.

Vanquished Creatures (others)
  4 killer bees (D:12)
  2 electric eels (D:12)
  2 withered plants (D:12)
8 creatures vanquished.

Grand Total: 351 creatures vanquished

Notes
Turn   | Place    | Note
-------+----------+-------------------------------------------
     0 | D:1      | Anathary the Minotaur Fighter began the quest for the Orb.
     0 | D:1      | Reached XP level 1. HP: 19/19 MP: 0/0
    88 | D:1      | Reached XP level 2. HP: 27/27 MP: 1/1
   172 | D:1      | Reached skill level 3 in Long Blades
   406 | D:1      | Reached XP level 3. HP: 34/34 MP: 2/2
  1465 | D:2      | Reached skill level 5 in Fighting
  1465 | D:2      | Reached XP level 4. HP: 42/42 MP: 3/3
  1548 | D:3      | Noticed Terence
  1563 | D:3      | Killed Terence
  1563 | D:3      | Reached skill level 4 in Long Blades
  1563 | D:3      | Reached skill level 1 in Dodging
  1715 | D:3      | Found a shattered altar of Ashenzari.
  1757 | D:3      | Noticed a hungry ghost
  1768 | D:3      | Found a transporter.
  1770 | D:3      | Noticed will825x's ghost (amateur BaFi)
  1797 | D:3      | Found a faded altar of an unknown god.
  1806 | D:3      | Became a worshipper of Makhleb the Destroyer
  1806 | D:3      | Reached * piety under Makhleb
  1837 | D:3      | Found a transporter.
  1867 | D:3      | Reached XP level 5. HP: 44/48 MP: 4/4
  2209 | D:3      | Reached skill level 5 in Long Blades
  2425 | D:4      | Reached ** piety under Makhleb
  2627 | D:4      | Reached skill level 6 in Long Blades
  2627 | D:4      | Noticed Menkaure
  2648 | D:4      | Reached XP level 6. HP: 56/56 MP: 5/5
  2656 | D:4      | Killed Menkaure
  2744 | D:4      | Reached skill level 7 in Long Blades
  3001 | D:4      | Noticed Natasha
  3007 | D:4      | Killed Natasha
  3007 | D:4      | Reached XP level 7. HP: 62/62 MP: 6/6
  3037 | D:4      | Noticed Natasha
  3046 | D:4      | Killed Natasha
  3169 | D:4      | Noticed Natasha
  3177 | D:4      | Killed Natasha
  3177 | D:4      | Reached skill level 8 in Long Blades
  3479 | D:5      | Entered Level 5 of the Dungeon
  3720 | D:5      | Reached skill level 9 in Long Blades
  3737 | D:5      | Got a steaming buckler
  3738 | D:5      | Identified the -4 buckler of Space {Dex+5} (You found it on
                  | level 5 of the Dungeon)
  3820 | D:5      | Reached *** piety under Makhleb
  3823 | D:5      | Found an iron altar of Okawaru.
  4156 | D:5      | Reached XP level 8. HP: 58/71 MP: 7/7
  4419 | D:6      | Found a sand-covered staircase.
  4423 | Ossuary  | Entered an ossuary
  4521 | Ossuary  | Reached skill level 10 in Long Blades
  5029 | D:6      | Reached skill level 11 in Long Blades
  5048 | D:6      | Reached **** piety under Makhleb
  5377 | D:7      | Reached XP level 9. HP: 81/81 MP: 8/8
  5389 | D:7      | Found a staircase to the Ecumenical Temple.
  5406 | Temple   | Entered the Ecumenical Temple
  5898 | D:7      | Found Hol Oqeg's Jewellery Shop.
  6087 | D:7      | Reached skill level 12 in Long Blades
  6170 | D:7      | Reached skill level 5 in Dodging
  6521 | D:8      | Found Inineceo's Jewellery Shoppe.
  6779 | D:8      | Reached ***** piety under Makhleb
  7167 | D:9      | Reached skill level 10 in Fighting
  7167 | D:9      | Reached XP level 10. HP: 93/93 MP: 9/9
  7261 | D:9      | Reached skill level 13 in Long Blades
  7654 | D:9      | Found a staircase to the Orcish Mines.
  7684 | D:9      | Found a roughly hewn altar of Beogh.
  7792 | D:10     | Entered Level 10 of the Dungeon
  8210 | D:10     | Identified a scroll of acquirement
  8219 | D:10     | Killed an unseen horror
  8485 | D:10     | Reached skill level 5 in Armour
  8685 | D:11     | Reached skill level 5 in Shields
  9249 | D:11     | Found a staircase to the Lair.
  9259 | D:11     | Reached skill level 14 in Long Blades
  9263 | D:11     | Reached XP level 11. HP: 96/102 MP: 10/10
  9642 | D:12     | Reached ****** piety under Makhleb
  9650 | D:12     | Found a glowing silver altar of Zin.
  9789 | D:12     | Killed an unseen horror
  9885 | D:12     | Found a runed translucent gate.
  9885 | D:12     | Found a runed translucent gate.
  9886 | D:12     | Found a runed translucent gate.
  9886 | D:12     | Noticed tabo's ghost (journeyman TrMo)
  9886 | D:12     | Noticed Owkoc's ghost (journeyman TrMo)
  9886 | D:12     | Noticed Juimicwu's ghost (journeyman NaVM)
 10209 | D:13     | Paralysed by a hornet for 1 turns
 10215 | D:13     | Paralysed by a hornet for 2 turns
 10222 | D:13     | Paralysed by a hornet for 1 turns
 10589 | D:13     | Noticed Nessos
 10611 | D:13     | HP: 5/102 [slime creature (12)]
 10612 | D:13     | Shot with an arrow by Nessos

Levels and vault maps discovered:
D:1:      mrwooster_arrival_statue_3, layout_loops_ring,
          minmay_shallow_snake_nest
D:2:      wander_river, layout_rooms, serial_bayou, serial_bayou_shore_a,
          serial_bayou_crossing, serial_bayou_pond_e, serial_bayou_pond_a
D:3:      layout_loops_ring, ashenzari_altar_1, first_ration,
          chequers_ecumenical_altar_grove, gammafunk_ghost_mausoleum,
          uniq_terence
D:4:      layout_basic, serial_curves, eino_curves_02, eino_curves_01,
          uniq_menkaure, uniq_natasha
D:5:      layout_basic, okawaru_gym_becter
D:6:      layout_basic, enter_ossuary_5, uniq_eustachio
D:7:      layout_cave_pools, minmay_temple_entry_statues_pillars,
          serial_gnoll_camp, gnoll_camp_mini_loothouse, gnoll_camp_mini_house,
          gnoll_camp_mini_basic, gnoll_camp_mini_shop, minmay_circle_x
D:8:      layout_loops_ring, serial_shops, shop
D:9:      layout_basic, minmay_orc_entry_temple_small
D:10:     layout_roguey, grunt_decor_resistance
D:11:     layout_cave_pools, david_lair_generic, the_bakery,
          minmay_strange_pillars
D:12:     layout_loops_ring, gammafunk_ghost_cemetery, basic_altar,
          lemuel_freeze_loot_1
D:13:     layout_grid_maze, serial_shops, nicolae_shop_stone, uniq_nessos,
          uniq_snorg
Temple:   regret_index_temple_sigil_plot

Skill      XL: |  1  2  3  4  5  6  7  8  9 10 11 |
---------------+----------------------------------+-----
Fighting       | 4 5 6 8 10 11 | 11.1
Long Blades    | 3 4 6 7 9 11 12 14 | 14.0
Dodging        | 1 2 4 5 6 9 |  9.2
Armour         | 6 |  6.5
Shields        | 5 8 |  8.6

Action                   |  1- 3 |  4- 6 |  7- 9 | 10-12 || total
-------------------------+-------+-------+-------+-------++-------
Melee: Long sword        |   116 |   141 |   459 |   390 ||  1106
       Headbutt          |    11 |    32 |   117 |   115 ||   275
  Use: Scroll            |       |     6 |    14 |     7 ||    27
       Potion            |       |       |       |    16 ||    16
 Stab: Distracted        |       |       |     1 |     1 ||     2
       Sleeping          |       |       |       |     2 ||     2
  Eat: Chunk             |     1 |     2 |       |       ||     3
       Ration            |     1 |     1 |     4 |     3 ||     9
Armor: Scale mail        |    66 |    35 |   109 |    54 ||   264
       Steam dragon scal |       |       |       |    65 ||    65
Dodge: Dodged            |    53 |    41 |   139 |   170 ||   403
Block: Kite shield       |    72 |    54 |   200 |    89 ||   415
       Buckler           |       |       |       |    63 ||    63
       Rpst.: Long sword |    11 |     7 |    39 |    36 ||    93

Table legend:
 A = Non-vault XP
 B = Vault XP
 C = Vault XP percentage of total XP
 D = Non-vault monster count
 E = Vault monster count
 F = Vault count percentage of total count
                 A         B        C        D         E       F
            +---------+---------+-------+---------+---------+-------
      Total |   13170 |    3246 |  19.8 |     278 |      65 |  19.0
            +---------+---------+-------+---------+---------+-------
        D:1 |      47 |       5 |   9.6 |      27 |       3 |  10.0
        D:2 |      45 |       0 |   0.0 |      23 |       0 |   0.0
        D:3 |     107 |      36 |  25.2 |      25 |       1 |   3.8
        D:4 |     451 |     207 |  31.5 |      26 |       2 |   7.1
        D:5 |     567 |       0 |   0.0 |      28 |       0 |   0.0
        D:6 |     408 |       0 |   0.0 |      10 |       0 |   0.0
        D:7 |     772 |     966 |  55.6 |      14 |      18 |  56.2
        D:8 |     734 |       0 |   0.0 |      19 |       0 |   0.0
        D:9 |     869 |     274 |  24.0 |      15 |       8 |  34.8
       D:10 |    2630 |       0 |   0.0 |      25 |       0 |   0.0
       D:11 |    1642 |     874 |  34.7 |      30 |       5 |  14.3
       D:12 |    1515 |       0 |   0.0 |      16 |       0 |   0.0
       D:13 |    3383 |       0 |   0.0 |      20 |       0 |   0.0
    Ossuary |       0 |     884 | 100.0 |       0 |      28 | 100.0
            +---------+---------+-------+---------+---------+-------
